Map: Galactic Process LE

Players

Life - Winner!

  • Race: Zerg Zerg
  • League: Master

limclimcsanc

  • Race: Zerg Zerg
  • League: Diamond

VOD

Have the link to the VOD?

Description

Time

  • Played on: Sept. 11, 2016, 12:48 p.m.
  • Length: 4:15
Show
View Real Time Build Order
Export as new Build Order

Life Zerg - Winner!

Build Orders: Hatch First 

Get SALT Encoding   

  12  0:00  Drone  
  13  0:12  Overlord  
  13  0:18  Drone  
  14  0:31  Drone x2  
  14  0:35  Drone  
  17  0:54  Hatchery  
  16  0:58  Drone  
  16  1:00  Drone  
  18  1:07  Drone  
  19  1:22  Spawning Pool  
  18  1:28  Extractor  
  17  1:35  Drone x2  
  19  1:42  Overlord  
  19  2:04  Drone x2  
  21  2:09  Queen x2  
  21  2:11  Drone  
  26  2:19  Drone x2  
  28  2:30  Metabolic Boost  
  28  2:36  Drone x2  
  28  2:37  Drone  
  31  2:56  Zergling x2  
  31  2:57  Zergling x6  
  35  3:04  Baneling Nest  
  34  3:08  Overlord  
  34  3:19  Zergling x4  
  36  3:24  Hatchery  
  35  3:31  Drone x4  
  35  3:32  Zergling x6  
  42  3:39  Zergling x2  
  43  3:44  Zergling x2, Evolution Chamber  
  43  3:49  Zergling x2  
Show
View Real Time Build Order
Export as new Build Order

limclimcsanc Zerg 

Build Orders: Hatch First 

Get SALT Encoding   

  12  0:01  Drone  
  13  0:09  Drone  
  14  0:19  Overlord  
  14  0:25  Extractor  
  14  0:26  Drone  
  15  0:38  Drone  
  16  0:53  Hatchery  
  15  1:00  Extractor, Drone  
  15  1:02  Drone  
  16  1:20  Spawning Pool  
  14  1:26  Drone x2  
  14  1:31  Drone  
  17  1:40  Drone  
Tags
 
Add a new tag
Caveats
  • Supply blocks, unpowered buildings, or Contaminate may cause inaccurate times.
  • Supply counts are checked every 10 seconds.